 Dungeon Crawl Stone Soup version 0.30-a0-29-g142975f185 (webtiles) character file.

Game seed: 11566220273773445823

588 bearlyready the Skirmisher (level 7, -2/43 HPs)
             Began as a Kobold Arcane Marksman on Aug 22, 2022.
             Slain by an iguana (9 damage)
             ... on level 5 of the Dungeon on Aug 27, 2022.
             The game lasted 00:09:30 (5895 turns).

bearlyready the Skirmisher (Kobold Arcane Marksman) Turns: 5895, Time: 00:09:31

Health: -2/43      AC:  6    Str:  5 (8)  XL:     7   Next: 65%
Magic:  7/8        EV: 15    Int: 11 (14) God:
Gold:   234        SH:  0    Dex: 16 (17) Spells: 4/8 levels left

rFire   . . .      SeeInvis .    a - +1 sling
rCold   . . .      Faith    .    (no shield)
rNeg    . . .      Spirit   .    r - +1 robe of the Butterfly {Will++}
rPois   .          Reflect  .    j - +2 helmet
rElec   .          Harm     .    (no cloak)
rCorr   .          Rampage  .    (no gloves)
Will    ++...                    (no boots)
Stlth   ++........               (no amulet)
HPRegen 0.14/turn                (no ring)
MPRegen 0.11/turn                (no ring)

@: about to teleport
A: small, no large weapons, nightstalker 3
a: no special abilities


You were on level 5 of the Dungeon.
You visited 1 branch of the dungeon, and saw 5 of its levels.

You collected 234 gold pieces.

Inventory:

Hand Weapons
 a - a +1 sling (weapon)
Armour
 c - a +0 robe
 j - a +2 helmet (worn)
 r - the +1 robe of the Butterfly (worn) {Will++}
   (You found it on level 3 of the Dungeon)

   Will:      It greatly increases your willpower.
Jewellery
 h - a ring of willpower
 s - a ring of positive energy
Scrolls
 b - 3 scrolls of poison
 m - a scroll of magic mapping {unknown}
 n - a scroll of enchant armour {unknown}
 o - a scroll of identify
 p - a scroll of blinking {unknown}
 v - a scroll of noise {unknown}
 x - a scroll of vulnerability {unknown}
Potions
 e - a potion of degeneration
 f - a potion of heal wounds {unknown}
 g - a potion of lignification {unknown}
 i - a potion of cancellation {unknown}
 l - a potion of magic {unknown}
 q - a potion of haste {unknown}
 t - 2 potions of invisibility {unknown}
 u - 2 potions of berserk rage {unknown}
 w - 2 potions of curing {unknown}


   Skills:
 - Level 4.1 Fighting
 + Level 8.9 Ranged Weapons
 - Level 2.4 Dodging
 - Level 1.1 Spellcasting
 - Level 3.0 Hexes
 - Level 1.1 Translocations
 + Level 0.7 Evocations


You had 4 spell levels left.
You knew the following spells:

 Your Spells              Type           Power      Damage    Failure   Level
a - Slow                  Hex            28%        N/A       10%         1
b - Portal Projectile     Hex/Tloc       10%        N/A       38%         3

Your spell library contained the following spells:

 Spells                   Type           Power      Damage    Failure   Level
 Foxfire                  Conj/Fire      0%         2x1d4     32%         1
 Sandblast                Erth           0%         2d4       32%         1
 Passwall                 Tmut/Erth      0%         N/A       43%         2
 Poisonous Vapours        Pois/Air       0%         N/A       43%         2
 Inner Flame              Hex/Fire       3%         N/A       45%         3
 Conjure Flame            Conj/Fire      0%         6-21      67%         3
 Stone Arrow              Conj/Erth      0%         3d7       67%         3
 Cause Fear               Hex            3%         N/A       67%         4
 Corpse Rot               Necr/Pois/Air  0%         N/A       97%         4
 Flame Wave               Conj/Fire      0%         2d4       97%         4
 Chain Lightning          Conj/Air       0%         N/A       100%        9
 Fire Storm               Conj/Fire      0%         5d1       100%        9
 Shatter                  Erth           0%         3d5*      100%        9


Dungeon Overview and Level Annotations

Branches:
Dungeon (5/15)
 Temple: D:4-7

Altars:
Fedhas

Shops:
D:3 :


Innate Abilities, Weirdness & Mutations

You are small and have problems with some larger weapons.
You are completely attuned to the shadows.


Message History

The iguana is lightly wounded.
The iguana bites you.
Fire: a) +1 sling
Press: ? - help, Q - select action, (/) - cycle Shift-Dir - straight line, f/p - iguana
Aim: an iguana (lightly wounded, 69% to hit)
You shoot a sling bullet.
The sling bullet barely misses the iguana.
The iguana misses you.
Fire: a) +1 sling
Press: ? - help, Q - select action, (/) - cycle Shift-Dir - straight line, f/p - iguana
Aim: an iguana (lightly wounded, 69% to hit)
You shoot a sling bullet.
The sling bullet hits the iguana but does no damage.
The iguana is lightly wounded.
The iguana completely misses you.
Fire: a) +1 sling
Press: ? - help, Q - select action, (/) - cycle Shift-Dir - straight line, f/p - iguana
Aim: an iguana (lightly wounded, 69% to hit)
You shoot a sling bullet.
The sling bullet hits the iguana but does no damage.
The iguana is lightly wounded.
The iguana bites you.
* * * LOW HITPOINT WARNING * * *
Aiming: Paralyse
Press: ? - help, Shift-Dir - straight line, f/p - iguana
Aim: an iguana (lightly wounded, chance to affect: 59%)
The iguana resists with significant effort.
The iguana barely misses you.
Aiming: Paralyse
Press: ? - help, Shift-Dir - straight line, f/p - iguana
Aim: an iguana (lightly wounded, chance to affect: 59%)
The iguana resists with significant effort.
The now-empty wand crumbles to dust.
The iguana closely misses you.
As you read the scroll of teleportation, it crumbles to dust.
You feel strangely unstable. The iguana barely misses you.
It was a potion of degeneration.
There was something very wrong with that liquid.
You feel weakened.
You feel dopey.
You feel clumsy. The iguana bites you!
You die...

..
#........
........
.
#.......
. #......
.. ...
... ..
...
######.##
...
#..@.....
...
#..lh....
...
#........
###
###..###.
.. #.##
#.####.#
#......#
#.#....#
##.#....#


You could see a black bear and an iguana.

Vanquished Creatures
  A black bear (D:5)
  A phantom (D:5)
  A necrophage (D:5)
  A scorpion (D:4)
  2 jellies (D:5)
  An iguana (D:4)
  2 orc wizards (D:3)
  Robin (D:1)
  A gnoll (D:4)
  6 adders
  A worm (D:5)
  A dart slug (D:1)
  6 orcs
  9 endoplasms
  2 giant cockroaches
  15 goblins
  8 hobgoblins
  5 jackals
  10 kobolds
  7 quokkas
  3 ball pythons
  6 bats
  3 frilled lizards
  2 rats
95 creatures vanquished.

Vanquished Creatures (others)
  A plant (D:5)
1 creature vanquished.

Grand Total: 96 creatures vanquished

Notes
Turn   | Place    | Note
-------+----------+-------------------------------------------
     0 | D:1      | bearlyready the Kobold Arcane Marksman began the quest for
                  | the Orb.
     0 | D:1      | Reached XP level 1. HP: 12/12 MP: 2/2
     0 | D:1      | Upgraded the game from 0.30-a0-4-ga7cffc901d to
                  | 0.30-a0-6-g7c9e10e132
    92 | D:1      | Reached skill level 3 in Ranged Weapons
   148 | D:1      | Reached XP level 2. HP: 13/16 MP: 3/3
   358 | D:1      | Found a faded altar of an unknown god.
   425 | D:1      | Reached skill level 4 in Ranged Weapons
   566 | D:1      | Reached XP level 3. HP: 20/20 MP: 4/4
   952 | D:1      | Upgraded the game from 0.30-a0-6-g7c9e10e132 to
                  | 0.30-a0-29-g142975f185
  1416 | D:2      | Reached skill level 5 in Ranged Weapons
  1706 | D:2      | Reached XP level 4. HP: 18/25 MP: 5/5
  1901 | D:2      | Noticed Robin
  2048 | D:1      | Killed Robin
  2094 | D:2      | Reached skill level 6 in Ranged Weapons
  2762 | D:3      | Found Naiptyne's Book Shop.
  2844 | D:3      | Identified the +1 robe of the Butterfly {Will++}
  3045 | D:3      | Reached XP level 5. HP: 29/29 MP: 6/6
  3122 | D:3      | Reached skill level 7 in Ranged Weapons
  3896 | D:3      | Reached XP level 6. HP: 26/34 MP: 7/7
  4825 | D:4      | Reached skill level 8 in Ranged Weapons
  5000 | D:4      | Found a blossoming altar of Fedhas.
  5133 | D:5      | Entered Level 5 of the Dungeon
  5144 | D:5      | Reached XP level 7. HP: 27/41 MP: 8/8
  5148 | D:5      | Learned a level 3 spell: Portal Projectile
  5290 | D:5      | Reached skill level 1 in Translocations
  5895 | D:5      | Slain by an iguana

Illustrated notes

Levels and vault maps discovered:
D:1:      roderic_chinese_lattice_arrival, layout_loops_ring,
          hellmonk_ecumenical_altar_arch_garden, dreamdust_princess_bridge,
          chequers_garden
D:2:      layout_loops_ring, uniq_robin
D:3:      layout_basic, serial_shops, nicolae_shop_advertising_works
          [nicolae_subvault_shop_adworks], kennysheep_generic_room_15
D:4:      minmay_evil_eye, layout_cave_pods, fedhas_altar_4
D:5:      layout_rooms, sigmund_edmund_badplayer

Skill      XL: |  1  2  3  4  5  6  7 |
---------------+----------------------+-----
Ranged Weapons | 3 4 5 6 7 8 |  8.9
Fighting       | 3 4 |  4.1
Translocations | 1 |  1.1
Dodging        | |  2.4
Spellcasting   | |  1.1
Hexes          | |  3.0
Evocations     | |  0.7

Action                   |  1- 3 |  4- 6 |  7- 9 || total
-------------------------+-------+-------+-------++-------
 Fire: Sling             |   108 |   222 |    48 ||   378
 Cast: Slow              |     2 |     8 |    12 ||    22
Evoke: Wand              |       |       |     2 ||     2
  Use: Scroll            |       |     1 |     3 ||     4
       Potion            |       |       |     1 ||     1
Armor: Robe              |     3 |    28 |     6 ||    37
Dodge: Dodged            |    44 |   102 |    21 ||   167

Table legend: (Time is in decaauts)
 A = Elapsed time spent in this place.
 B = Non-inter-level travel time spent in this place.
 C = Inter-level travel time spent in this place.
 D = Time resting spent in this place.
 E = Time spent auto-exploring this place.
 F = Levels seen in this place.
 G = Mean time per level.
                   A        B        C        D        E       F      G
               +--------+--------+--------+--------+--------+-----+--------+
         Total |   5930 |   5802 |    128 |    247 |   4738 |   5 | 1186.0 |
       Dungeon |   5930 |   5802 |    128 |    247 |   4738 |   5 | 1186.0 |
               +--------+--------+--------+--------+--------+-----+--------+

Top non-repeatable levels by time:
     D:3: 1623 daAuts
     D:1: 1255 daAuts
     D:2: 1195 daAuts
     D:4: 1122 daAuts
     D:5: 733 daAuts
